 Dungeon Crawl Stone Soup version 0.16-a0-4113-g7d8e295 (webtiles) character file.

1101584 McCoppin the Formicid Arbalest (level 27, -1/209 (224) HPs)
             Began as a Formicid Hunter on Feb 26, 2015.
             Was the Champion of Cheibriados.
             Killed from afar by a Brimstone Fiend (36 damage)
             ... with a blast of hellfire
             ... on level 7 of Gehenna on Feb 28, 2015.
             The game lasted 19:34:00 (127629 turns).

McCoppin the Formicid Arbalest (Formicid Hunter)  Turns: 127629, Time: 19:34:00

HP:   -1/209 (224)  AC: 45    Str: 44      XL:     27
MP:   5/36          EV: 36    Int: 30 (35) God:    Cheibriados [******]
Gold: 12485         SH: 34    Dex: 35 (38) Spells: 1 memorised, 43 levels left

rFire  + + +     SeeInvis +     b - +11 arbalest "Phonyl" {velocity, +Blink rPois rC+ MR- Int+4}
rCold  + + +     Clarity  .     s - +6 gold dragon armour
rNeg   + + .     SustAb   .     k - +2 large shield
rPois  +         Gourm    .     (helmet unavailable)
rElec  +         Spirit   .     V - +0 cloak of Starlight {rElec rC+ EV+4 Stlth-}
rCorr  .         Warding  .     F - +2 pair of gloves {archery}
rMut   .         Stasis   +     X - +0 pair of boots of Weightlessness {Dex+4}
MR     +....                    o - amulet of Ynyr {rPois rC+ rN++ Regen+ Dex+4}
Stlth  ..........               r - ring of Miech {rF+ Dex+2 Stlth+}
                                m - ring of protection from fire

@: portal projectile, very slow, somewhat resistant to hostile enchantments,
extremely unstealthy
A: permanent stasis, dig shafts and tunnels, four strong arms, antennae 3,
talons 1, iridescent scales 1, agile 1, clever 2, cold resistance 1, frail 1,
low mp 1, poison resistance, screaming 1, spit poison 1, wild magic 2, evolution
1
a: Dig, Shaft Self, Spit Poison, Bend Time, Temporal Distortion, Slouch, Step
From Time, Renounce Religion
}: 9/15 runes: barnacled, slimy, silver, golden, iron, icy, bone, abyssal,
gossamer


You were on level 7 of Gehenna.
You worshipped Cheibriados.
Cheibriados was exalted by your worship.
You were not hungry.

You visited 17 branches of the dungeon, and saw 92 of its levels.
You visited the Abyss 9 times.
You also visited: Labyrinth, Bailey, Ice Cave and Wizlab.

You collected 15649 gold pieces.
You spent 3164 gold pieces at shops.

Inventory:

Hand weapons
 b - the +11 arbalest "Phonyl" (weapon) {velocity, +Blink rPois rC+ MR- Int+4}
   (You found it on level 1 of the Vaults)

   Any bolt fired from it inflicts extra damage.
   It affects your intelligence (+4).
   It protects you from cold.
   It protects you from poison.
   It affects your resistance to hostile enchantments.
   It lets you blink.
 g - a +9 executioner's axe of holy wrath
Missiles
 u - 41 bolts of penetration (quivered)
 L - 23 bolts of flame
 M - 15 bolts
 W - 3 poisoned bolts
Armour
 k - a +2 large shield (worn)
 s - a +6 gold dragon armour (worn)
 B - the cursed +0 pair of gloves "Pazo" {rPois MR- Regen+ rCorr}
   (You found it on level 1 of the Lair of Beasts)

   It protects you from poison.
   It affects your resistance to hostile enchantments.
   It increases your rate of regeneration.
   It protects you from acid and corrosion.
   It has a curse placed upon it.
 F - a +2 pair of gloves of archery (worn)
 V - the +0 cloak of Starlight (worn) {rElec rC+ EV+4 Stlth-}
   (You acquired it on level 5 of the Lair of Beasts)

   It affects your evasion (+4).
   It protects you from cold.
   It insulates you from electricity.
   It makes you less stealthy.
 X - the +0 pair of boots of Weightlessness (worn) {Dex+4}
   (You bought it in a shop on level 4 of the Orcish Mines)

   It affects your dexterity (+4).
Jewellery
 a - an uncursed ring of magical power
 j - an uncursed amulet of resist mutation
 m - a ring of protection from fire (left hand)
 o - the amulet of Ynyr (around neck) {rPois rC+ rN++ Regen+ Dex+4}
   (You found it on level 7 of the Iron City of Dis)

   [amulet of regeneration]

   It affects your dexterity (+4).
   It protects you from cold.
   It protects you from poison.
   It greatly protects you from negative energy.
   It increases your rate of regeneration.
 r - the ring of Miech (right hand) {rF+ Dex+2 Stlth+}
   (You found it on level 5 of the Shoals)

   [ring of protection from fire]

   It affects your dexterity (+2).
   It protects you from fire.
   It makes you more stealthy.
 v - the cursed ring "Keywke" {SustAb Str+3}
   (You found it on level 3 of the Tomb of the Ancients)

   [ring of sustain abilities]

   It sustains your strength, intelligence and dexterity.
   It affects your strength (+3).
   It has a curse placed upon it.
 K - the ring of Gesi {rElec rN+ Str-2 Int-2 Dex+7}
   (You found it on level 3 of the Tomb of the Ancients)

   [ring of strength]

   It affects your strength (-2).
   It affects your intelligence (-2).
   It affects your dexterity (+7).
   It insulates you from electricity.
   It protects you from negative energy.
 O - an uncursed ring of flight
Magical devices
 A - a wand of heal wounds (0)
 R - a wand of invisibility (6)
 U - a wand of disintegration (7)
Scrolls
 d - 12 scrolls of identify
 e - 10 scrolls of remove curse
 h - a scroll of silence
 n - 5 scrolls of fog
 z - 7 scrolls of immolation
 C - 2 scrolls of noise
 H - 4 scrolls of summoning
 J - 9 scrolls of fear
Potions
 f - 5 potions of curing
 p - 7 potions of restore abilities
 x - a potion of cancellation
 N - 4 potions of invisibility
 Q - 6 potions of might
 T - 4 potions of resistance
 Z - 8 potions of agility
Books
 c - a book of Geomancy

   Spells                             Type                      Level
   a - Sandblast                      Earth                        1
   b - Stoneskin                      Transmutation/Earth          2
   c - Passwall                       Transmutation/Earth          3
   d - Stone Arrow                    Conjuration/Earth            3
   e - Petrify                        Transmutation/Earth          4
   f - Lee's Rapid Deconstruction     Earth                        5
Miscellaneous
 l - a fan of gales
Comestibles
 w - 23 bread rations
 D - 23 fruits
 E - 3 meat rations
 Y - 2 slices of pizza


   Skills:
 O Level 27 Fighting
 O Level 27 Axes
 O Level 27 Crossbows
 O Level 27 Armour
 + Level 20.4 Dodging
 - Level 1.2 Stealth
 O Level 27 Shields
 - Level 10.0 Spellcasting
 - Level 10.2 Translocations
 - Level 10.2 Invocations


You had 43 spell levels left.
You knew the following spells:

 Your Spells              Type           Power        Failure   Level  Hunger
a - Portal Projectile     Tloc           ######       6%          3    None


Dungeon Overview and Level Annotations

Branches:
Dungeon (15/15)            Temple (0/1) D:6            Lair (8/8) D:9
 Shoals (5/5) Lair:6       Spider (5/5) Lair:6        Slime (6/6) Lair:8
    Orc (4/4) D:12            Elf (3/3) Orc:4        Vaults (5/5) D:13
  Crypt (3/3) Vaults:2       Tomb (3/3) Crypt:3      Depths (5/5) D:15
   Hell (1/1)                 Dis (7/7) Hell            Geh (7/7) Hell
    Coc (7/7) Hell            Tar (7/7) Hell            Zot (5/5) Depths:5

Altars:
Ashenzari
Cheibriados
Dithmenos
Fedhas
Kikubaaqudgha
Makhleb
Okawaru
Sif Muna
Vehumet
Yredelemnul
The Shining One
Beogh
Jiyva

Shops:
D:4 !   D:5 *   D:10 %   D:15 %   Orc:1 (   Orc:3 :   Orc:4 }?[%   Shoals:2 [
Shoals:5 !![   Vaults:5 ?%!

Portals:
Hell: Depths:1 Depths:2 Depths:3 Depths:4 Depths:5
Abyss: Depths:1 Depths:3 Depths:4 Depths:5
Pandemonium: Orc:4 Depths:3
Ziggurat: Depths:5

Annotations:
Geh:7 Asmodeus


Innate Abilities, Weirdness & Mutations

You are under a permanent stasis effect.
You can dig through walls and to a lower floor.
Your four strong arms can wield two-handed weapons with a shield.
You have a pair of large antennae on your head (SInv).
You have sharp toenails.
You are partially covered in iridescent scales (AC +4).
You are agile. (Dex +2)
Your mind is very acute. (Int +4)
Your flesh is cold resistant.
You are frail (-10% HP).
Your magical capacity is low (-10% MP).
Your system is resistant to poisons.
You occasionally shout uncontrollably at your foes.
You can spit poison.
Your spells are harder to cast, but more powerful.
You evolve.


Message History

Use which ability? (? or * to list)
Okay, then.
Use which ability? (? or * to list)
You step out of the flow of time.
You return to the normal time flow.
You feel somewhat more hungry.
The Brimstone Fiend roars! x2
Asmodeus shouts, "Get thee gone whilst thy luck holds!"
Press: ? - help, v - describe, . - travel, g - get item
Here: a Brimstone Fiend (flame) 3 bolts of penetration.
There is something else lying underneath.
Ashen ground.
Read which item? (? for menu, Esc to quit)
Okay, then.
Read which item? (? for menu, Esc to quit)
As you read the scroll of summoning, it crumbles to dust.
Wisps of shadow whirl around you... The Brimstone Fiend gestures at you.
The hellfire explodes!
The blast of hellfire engulfs you!
You die...

####.........)#..#
...'.....####.#..#
.###.....#..'.#..#
###.....#[|'.#..#
#.'†....####{#..#
#.†.†.......^#..#
#.############.1#
#.#..........#W.#
#.'..........#.@#&§§
#.'..........#Z2Z1§..#
###..........#..#...)#
#.........)#########
#..........#
##########)## §§≈
#...# ≈ §
§§≈§≈#..)#≈≈≈§≈
≈≈≈§≈#.!.#≈§≈§≈


You could see 2 Brimstone Fiends, a friendly tormentor, a friendly wraith, a
friendly iron dragon zombie and a friendly dire elephant skeleton.

Vanquished Creatures
  Antaeus (Coc:7)
  the royal jelly (Slime:6)
  the Serpent of Hell (Geh:7)
  Ereshkigal (Tar:7)
  Dispater (Dis:7)
  Khufu (Crypt:3)
  7 orbs of fire
  13 ancient liches
  27 greater mummies
  Boris (Tomb:1)
  9 shard shrikes (Coc:7)
  Sojobo (Tomb:1)
  Saint Roka (Vaults:2)
  4 Killer Klowns
  A curse toe (Zot:3)
  Geryon (Hell)
  12 golden dragons
  Jory (Crypt:3)
  2 profane servitors
  Xtahua (Crypt:1)
  Frederick (Crypt:1)
  The ghost of Vidiiot the Unseen, a mighty DrAs of Kikubaaqudgha (Tomb:3)
  14 bone dragons
  Nikola (Vaults:3)
  6 Brimstone Fiends
  2 hellephants
  5 electric golems
  5 Hell Sentinels (Dis:7)
  25 tentacled monstrosities
  20 Ice Fiends
  8 liches
  24 Orb Guardians (Zot:5)
  2 titans (Vaults:5)
  2 deep elf master archers
  3 deep elf blademasters
  21 acid blobs
  3 Executioners
  An eldritch tentacle (Tar:7)
  Murray (Depths:1)
  13 sphinxes
  2 octopode crushers (Depths:1)
  4 quicksilver dragons
  Polyphemus (Shoals:2)
  2 krakens
  15 Shadow Fiends
  7 shadow dragons
  Rupert (D:15)
  14 tentacled starspawn
  A shadow dragon (shapeshifter) (Vaults:5)
  Kirke (Shoals:3)
  17 storm dragons
  5 draconian monks
  Frances (Spider:4)
  7 ancient champions
  Roxanne (Shoals:1)
  8 tengu reavers
  13 fire giants
  Ilsuiw (Shoals:5)
  9 revenants
  10 balrugs
  15 azure jellies
  10 ghost moths
  12 draconian knights
  5 draconian scorchers
  8 emperor scorpions
  An orc warlord (Orc:2)
  15 vault wardens
  10 iron dragons (Dis:7)
  4 draconian zealots
  15 frost giants
  5 cacodemons
  6 deep elf sorcerers
  31 ironheart preservers
  18 ghouls
  Jorgrun (Vaults:1)
  39 very ugly things
  8 draconian annihilators
  An ophan (Abyss:1)
  5 draconian shifters
  44 reapers
  A spriggan defender (Depths:3)
  4 elemental wellsprings (Coc:7)
  8 grey draconians
  3 salamander firebrands
  10 green draconians
  32 stone giants
  6 vampire knights
  6 deep elf demonologists
  3 draconian callers
  2 lorocyprocas
  11 war gargoyles
  15 purple draconians
  8 deep elf annihilators
  A dire elephant (Depths:5)
  6 black draconians
  7 pale draconians
  10 white draconians
  7 red draconians
  10 mottled draconians
  10 yellow draconians
  The ghost of Vidiiot the Unseen, a powerful FeWn of Fedhas (Spider:3)
  4 eidola
  11 blizzard demons
  13 ettins
  Snorg (Lair:4)
  4 merfolk javelineers
  7 green deaths
  23 jiangshi
  3 quicksilver dragon zombies
  6 minotaurs
  4 unborn
  16 deep elf death magi
  28 mummy priests
  11 merfolk impalers
  4 death oozes
  12 great orbs of eyes
  22 fire dragons
  A kraken zombie (Coc:7)
  30 yaktaur captains
  5 rakshasas
  42 ice dragons
  A hydra (shapeshifter) (Vaults:5)
  30 vault guards
  2 spriggan air magi (Depths:4)
  4 quicksilver dragon skeletons
  A ghost crab (Tar:7)
  Nessos (D:14)
  10 death cobs
  9 hydras
  3 merfolk avatars
  Erica (Lair:5)
  16 centaur warriors
  18 dancing weapons
  9 merfolk aquamancers
  8 deep troll earth magi
  An anaconda (shapeshifter) (Vaults:5)
  4 death knights
  4 satyrs
  23 ogre magi
  15 death yaks
  2 tengu warriors
  7 vampire magi
  The ghost of MarvinPA the Slicer, a powerful SpNe of Gozag (Lair:3)
  16 sun demons
  8 deep troll shamans
  3 titan zombies
  A hell beast (Dis:7)
  A spriggan berserker (Depths:5)
  6 orc high priests
  22 soul eaters
  9 thrashing horrors
  2 catoblepae
  3 iron golems
  6 storm dragon zombies
  Erolcha (Orc:2)
  2 titan skeletons
  5 shadow wraiths
  14 wretched stars
  7 spatial maelstroms
  A fire crab (shapeshifter) (Elf:3)
  8 hell hogs
  7 iron trolls
  4 golden dragon zombies
  4 storm dragon skeletons
  A quicksilver dragon simulacrum (Crypt:3)
  8 unseen horrors
  A hell knight (Vaults:4)
  3 fire crabs
  9 sea snakes
  37 deep trolls
  2 salamander mystics
  19 ice devils
  43 death scarabs
  11 anaconda zombies
  A death drake (shapeshifter) (Vaults:2)
  22 deep elf knights
  7 shadow demons
  105 skeletal warriors
  7 deep elf summoners
  A swamp dragon (shapeshifter) (WizLab)
  16 hill giants
  4 ice statues
  7 giant orange brains
  A death drake (Zot:4)
  2 shadow dragon zombies (Tar:7)
  Pikel (D:5)
  15 flayed ghosts
  14 harpies
  18 orb spiders
  A wolf spider zombie (Geh:7)
  10 necromancers
  3 wizards
  18 orc knights
  A golden dragon skeleton (Coc:7)
  A kraken simulacrum (Hell)
  A mana viper (shapeshifter) (Vaults:1)
  2 torturous demonspawn (Orc:4)
  8 anubis guards
  84 ugly things
  4 anaconda skeletons
  22 deep elf conjurers
  18 ironbrand convokers
  A hornet (shapeshifter) (WizLab)
  47 wolf spiders
  18 fauns
  A manticore (shapeshifter) (Depths:5)
  12 worldbinders
  22 griffons
  3 frost giant zombies
  6 sixfirhies
  An oklob plant (D:13)
  12 orc sorcerers
  3 shadow dragon skeletons
  3 human zombies
  13 hornets
  A salamander (shapeshifter) (WizLab)
  A fire giant zombie (Abyss:3)
  6 iron dragon zombies
  2 tengu skeletons
  13 cyclopes
  A cyclops (shapeshifter) (WizLab)
  2 guardian serpents (shapeshifter)
  5 water nymphs
  A draconian (shapeshifter) (WizLab)
  A sphinx skeleton (Depths:2)
  6 elephants (Lair:8)
  35 moths of wrath
  8 manticores
  15 sirens
  6 stone giant zombies
  3 fire giant skeletons
  An iron dragon skeleton (Geh:7)
  10 phantasmal warriors
  3 spriggan zombies
  6 shining eyes
  Maurice (Orc:1)
  2 apocalypse crabs (Abyss:1)
  9 salamanders
  26 vault sentinels
  4 eyes of devastation
  33 rust devils
  Joseph (D:11)
  2 stone giant skeletons
  5 dire elephant zombies
  5 frost giant skeletons
  A spiny frog (shapeshifter) (D:13)
  An elephant slug zombie (Crypt:2)
  4 kobold demonologists
  4 torpor snails
  11 black mambas
  A black mamba (shapeshifter) (WizLab)
  4 guardian serpents
  11 spiny frogs
  An octopode (shapeshifter) (Depths:1)
  3 orange crystal statues
  7 orange demons
  4 molten gargoyles
  A queen ant (Lair:2)
  A shock serpent skeleton (Tomb:3)
  11 centaur skeletons
  4 emperor scorpion zombies
  A sea snake zombie (Crypt:2)
  A yaktaur zombie (Vaults:1)
  2 yaktaurs (shapeshifter) (WizLab)
  19 demonic crawlers
  2 dire elephant skeletons
  An elf (shapeshifter) (WizLab)
  10 smoke demons
  53 yaktaurs
  11 hellions
  6 fire drakes
  15 komodo dragons
  A komodo dragon (shapeshifter) (WizLab)
  An elf (WizLab)
  An alligator snapping turtle skeleton (Crypt:1)
  12 tormentors
  A ghoul skeleton (Depths:5)
  5 hydra zombies
  46 guardian mummies
  A yaktaur skeleton (Vaults:3)
  2 tengu conjurers
  14 deep elf priests
  3 spriggan druids
  7 red devils
  2 harpy zombies
  7 efreet
  6 hellwings
  40 jumping spiders
  An iron troll skeleton (Crypt:2)
  A polar bear (shapeshifter) (Elf:1)
  A spriggan skeleton (Depths:2)
  12 trolls
  45 merfolk
  A grey draconian skeleton (Crypt:2)
  A giant leech (shapeshifter) (Vaults:2)
  A queen bee (shapeshifter) (WizLab)
  13 ancient zymes
  38 freezing wraiths
  18 blue devils
  A troll (shapeshifter) (WizLab)
  A two-headed ogre (shapeshifter) (WizLab)
  4 wind drakes
  2 silent spectres (Tar:7)
  31 polar bears
  A raiju (shapeshifter) (WizLab)
  33 two-headed ogres
  31 blink frogs
  2 wandering mushrooms (Lab)
  A wind drake (shapeshifter) (Vaults:2)
  2 jumping spiders (shapeshifter)
  A minotaur skeleton (Tar:7)
  8 ravens
  5 ettin zombies
  11 bog bodies
  18 boulder beetles
  4 alligator zombies
  7 fire dragon zombies
  2 hydra skeletons
  A fire giant simulacrum (Depths:4)
  157 slime creatures
  25 ushabtiu
  4 ice dragon zombies
  4 harpy skeletons
  6 basilisks
  12 snapping turtles
  A human simulacrum (Vaults:1)
  67 shadows
  A catoblepas skeleton (Geh:7)
  30 raiju
  112 flying skulls
  8 spriggans (Lair:8)
  2 trapdoor spiders (shapeshifter)
  4 ettin skeletons
  An iron dragon simulacrum (Coc:7)
  3 tarantellas (shapeshifter) (WizLab)
  10 vampires
  33 water elementals
  A blink frog (shapeshifter) (WizLab)
  An elf skeleton (Depths:2)
  2 fire dragon skeletons
  A spriggan (shapeshifter) (Depths:1)
  2 alligator skeletons
  39 trapdoor spiders
  71 redbacks
  70 yaks
  21 ynoxinuls
  7 air elementals
  A fire bat (Abyss:1)
  An ice dragon skeleton (Abyss:1)
  26 wraiths
  A wyvern (shapeshifter) (WizLab)
  4 wyverns
  3 hogs (shapeshifter)
  40 deep elf fighters
  A black mamba zombie (Tar:7)
  7 fire elementals
  A shapeshifter (WizLab)
  30 tarantellas
  2 black mamba skeletons (Tar:7)
  A hippogriff (shapeshifter) (Vaults:4)
  3 humans
  2 golden eyes (shapeshifter)
  A yak (shapeshifter) (D:13)
  Grum (D:8)
  24 vampire mosquitoes
  54 wolves
  3 hungry ghosts
  4 chaos spawn
  27 deep elf magi
  23 golden eyes
  A human (shapeshifter) (Depths:4)
  7 wargs
  8 neqoxecs
  A hog (D:8)
  20 soldier ants
  Edmund (D:4)
  39 large abominations
  Menkaure (D:5)
  17 porcupines
  24 water moccasins
  24 spatial vortices
  11 hell hounds
  39 spiders
  2 merfolk zombies
  5 insubstantial wisps (Abyss:1)
  2 mottled dragons (D:13)
  14 hippogriffs
  A gelid demonspawn zombie (Crypt:1)
  An ogre zombie (Vaults:1)
  A swamp drake (Zot:4)
  12 black bears
  7 ice beasts
  A gelid demonspawn skeleton (Crypt:1)
  2 swamp dragon zombies
  A black mamba simulacrum (Crypt:1)
  5 eyes of draining
  2 phantoms
  8 spiny frog skeletons
  10 spiny frog zombies
  94 ogres
  62 orc warriors
  A soldier ant (shapeshifter) (Abyss:1)
  An ice dragon simulacrum (Vaults:1)
  6 wasps
  A black bear (shapeshifter) (Abyss:1)
  A manticore zombie (Tar:7)
  2 sky beasts (shapeshifter)
  5 snapping turtle zombies
  13 necrophages
  7 sky beasts
  An ogre (shapeshifter) (D:14)
  2 human skeletons (Vaults:2)
  4 boring beetles (shapeshifter)
  30 centaurs
  A boring beetle (Lair:8)
  25 crocodiles
  An eye of draining (shapeshifter) (D:13)
  An alligator simulacrum (Hell)
  An ettin simulacrum (Crypt:3)
  3 snapping turtle skeletons
  Sigmund (D:5)
  Duvessa (D:4)
  3 boggarts (D:14)
  An elephant skeleton (Crypt:1)
  A fire drake skeleton (Crypt:1)
  4 lost souls
  4 elf zombies (Elf:1)
  An octopode zombie (Crypt:2)
  2 brain worms (Abyss:1)
  19 big kobolds
  Blork the orc (D:7)
  A spiny frog simulacrum (Hell)
  30 giant frogs
  9 scorpions
  59 small abominations
  A water moccasin zombie (D:10)
  A snapping turtle simulacrum (Abyss:1)
  8 killer bees (D:13)
  A killer bee (shapeshifter) (D:13)
  22 wights
  2 electric eels
  A goliath beetle (D:9)
  26 crimson imps
  A giant frog zombie (D:9)
  Dowan (D:4)
  7 centaur zombies
  67 starcursed masses
  35 jellies
  39 orc wizards
  Crazy Yiuf (D:5)
  3 giant frog skeletons
  49 orc priests
  2 hell rats (Vaults:2)
  19 hounds
  19 iguanas
  19 iron imps
  49 worker ants
  11 quasits
  27 sheep
  A tengu zombie (Crypt:1)
  Ijyb (D:6)
  Jessica (D:6)
  A hound zombie (D:8)
  2 hound skeletons
  74 mummies
  Robin (D:2)
  39 adders
  16 gnolls
  83 river rats
  10 shadow imps
  7 giant mites
  15 white imps
  4 giant eyeballs (WizLab)
  2 worms (D:2)
  37 ufetubi
  2 adder skeletons
  9 giant geckos
  285 orcs
  3 bat skeletons
  A bat zombie (D:7)
  7 giant cockroaches
  41 goblins
  31 hobgoblins
  70 kobolds
  2 ball pythons
  A bat (shapeshifter) (Elf:2)
  34 bats
  9 giant newts
  A giant spore (D:10)
  16 jackals
  A jackal zombie (D:7)
  A kobold skeleton (Abyss:1)
  An orc zombie (Dis:7)
  19 quokkas
  24 rats
  A rat zombie (Crypt:2)
  9 ballistomycetes
  3 bushes
  25 fungi
  39 plants
  18 starspawn tentacles
  7 tentacles
  A tentacle segment (Coc:7)
5834 creatures vanquished.

Vanquished Creatures (others)
  An Orb Guardian (Zot:5)
  4 eldritch tentacles
  3 skeletal warriors (D:11)
  An ice devil (Dis:7)
  A storm dragon skeleton (Geh:7)
  2 necromancers
  2 shadow dragon skeletons (Geh:7)
  3 drowned souls (Shoals:3)
  A red devil (Hell)
  2 guardian mummies
  2 tormentors (Dis:7)
  A jumping spider (Spider:1)
  7 flying skulls
  An ice dragon zombie (Tomb:2)
  A shadow (Geh:7)
  A yak (IceCv)
  2 wolves (IceCv)
  2 humans (Shoals:3)
  A large abomination (Abyss:1)
  A centaur (D:5)
  An ettin simulacrum (Tomb:2)
  7 lost souls
  An ogre (Vaults:3)
  A crocodile (Lair:8)
  A jelly (Slime:5)
  3 mummies
  An ufetubus (Abyss:1)
  An orc (D:5)
  6 giant spores
  A lurking horror (Abyss:1)
  A ballistomycete (D:13)
  353 eldritch tentacle segments
  13 fungi
  8 plants
  20 starspawn tentacles
  470 starspawn tentacle segments
  16 tentacles
  614 tentacle segments
1557 creatures vanquished.

Grand Total: 7391 creatures vanquished

Notes
Turn   | Place    | Note
--------------------------------------------------------------
     0 | D:1      | McCoppin, the Formicid Hunter, began the quest for the Orb.
     0 | D:1      | Reached XP level 1. HP: 16/16 MP: 1/1
   203 | D:1      | Reached XP level 2. HP: 22/22 MP: 3/3
   530 | D:1      | Reached XP level 3. HP: 27/27 MP: 4/4
   670 | D:1      | Reached skill level 5 in Crossbows
  1061 | D:2      | Found a snail-covered altar of Cheibriados.
  1072 | D:2      | Became a worshipper of Cheibriados the Contemplative
  1323 | D:2      | Reached XP level 4. HP: 33/33 MP: 5/5
  2036 | D:2      | Noticed Robin
  2048 | D:2      | Killed Robin
  2331 | D:2      | Reached skill level 6 in Crossbows
  2331 | D:2      | Reached XP level 5. HP: 38/38 MP: 7/7
  2956 | D:3      | Reached skill level 1 in Shields
  3234 | D:3      | Reached XP level 6. HP: 44/44 MP: 8/8
  3344 | D:3      | Found a shadowy altar of Dithmenos.
  3650 | D:3      | Found a basalt altar of Yredelemnul.
  3831 | D:4      | Acquired Cheibriados' first power
  3895 | D:4      | Found Aremah's Distillery.
  3923 | D:4      | Reached skill level 7 in Crossbows
  3970 | D:4      | Noticed Duvessa
  3971 | D:4      | Noticed Dowan
  3989 | D:4      | Killed Dowan
  4335 | D:4      | Reached XP level 7. HP: 32/50 MP: 9/9
  4451 | D:4      | Reached skill level 8 in Crossbows
  4744 | D:4      | Killed Duvessa
  4744 | D:4      | Acquired Cheibriados' second power
  4898 | D:4      | Noticed Edmund
  4912 | D:4      | Killed Edmund
  4913 | D:4      | Reached skill level 9 in Crossbows
  4913 | D:4      | Reached XP level 8. HP: 56/56 MP: 11/11
  5055 | D:5      | Entered Level 5 of the Dungeon
  5224 | D:5      | Noticed Menkaure
  5227 | D:5      | Killed Menkaure
  5361 | D:5      | Found Duelukko's General Store.
  5485 | D:5      | Noticed Crazy Yiuf
  5492 | D:5      | Killed Crazy Yiuf
  5545 | D:5      | Acquired Cheibriados' third power
  5565 | D:5      | Noticed Sigmund
  5569 | D:5      | Killed Sigmund
  5569 | D:5      | Reached skill level 10 in Crossbows
  5834 | D:5      | Reached skill level 1 in Armour
  5843 | D:5      | Noticed Pikel
  5855 | D:5      | Killed Pikel
  5855 | D:5      | Reached XP level 9. HP: 62/64 MP: 12/15
  6240 | D:6      | Found a staircase to the Ecumenical Temple.
  6384 | D:6      | Reached skill level 5 in Shields
  6420 | D:6      | Found a radiant altar of Vehumet.
  6519 | D:6      | Found a glowing golden altar of the Shining One.
  6602 | D:6      | Got a warped glaive
  6603 | D:6      | Identified the +6 glaive "Saihel" {chop, rElec rN+ Stlth-} (You found it on level 6 of the Dungeon)
  6732 | D:6      | Noticed Jessica
  6734 | D:6      | Killed Jessica
  6745 | D:6      | Found a deep blue altar of Sif Muna.
  6817 | D:6      | Noticed Ijyb
  6819 | D:6      | Killed Ijyb
  6865 | D:7      | Found a flagged portal.
  6922 | Bailey   | Entered a bailey
  6959 | Bailey   | Reached skill level 5 in Armour
  7166 | Bailey   | Got a brightly glowing rapier
  7234 | Bailey   | Identified the +8 rapier "Skela" {pierce, rPois rF- rC+ MR+ SInv} (You took it off a kobold in a bailey)
  7405 | D:7      | Reached XP level 10. HP: 69/73 MP: 16/16
  7743 | D:7      | Reached skill level 5 in Fighting
  7798 | D:7      | Noticed Blork the orc
  7803 | D:7      | Killed Blork the orc
  8457 | D:8      | Found a shattered altar of Ashenzari.
  8506 | D:8      | Noticed Grum
  8523 | D:8      | Killed Grum
  8916 | D:8      | Reached skill level 10 in Shields
  9592 | D:9      | Reached skill level 11 in Shields
  9791 | D:9      | Reached XP level 11. HP: 80/80 MP: 18/18
  9993 | D:4      | Bought a potion of beneficial mutation for 385 gold pieces
  9993 | D:4      | Gained mutation: Your flesh is cold resistant. [potion of beneficial mutation]
 10162 | D:9      | Found a staircase to the Lair.
 10564 | D:9      | Reached skill level 12 in Shields
 11160 | D:10     | Entered Level 10 of the Dungeon
 11202 | D:10     | Found Jus Twat's Food Shoppe.
 11226 | D:9      | Reached skill level 13 in Shields
 11855 | D:10     | Reached skill level 14 in Shields
 12887 | D:10     | Noticed a hill giant
 12904 | D:10     | Killed a hill giant
 12943 | D:10     | Reached skill level 15 in Shields
 12986 | D:11     | Reached XP level 12. HP: 86/86 MP: 18/20
 12987 | D:11     | Upgraded the game from 0.16-a0-4099-g0be755f to 0.16-a0-4111-gf762223
 13212 | D:11     | Reached skill level 1 in Axes
 13490 | D:11     | Noticed Joseph
 13515 | D:11     | Killed Joseph
 13924 | D:11     | Noticed a skeletal warrior
 13924 | D:11     | Noticed a skeletal warrior
 13925 | D:11     | Noticed a skeletal warrior
 13926 | D:11     | Noticed a skeletal warrior
 13937 | D:11     | Killed a skeletal warrior
 13942 | D:11     | Killed a skeletal warrior
 13944 | D:11     | Killed a skeletal warrior
 13944 | D:11     | Reached skill level 5 in Axes
 13990 | D:10     | Killed a skeletal warrior
 14278 | Lair:1   | Entered Level 1 of the Lair of Beasts
 14474 | Lair:1   | Got a pair of smoking gloves
 14490 | Lair:1   | Identified the +0 pair of gloves "Pazo" {rPois MR- Regen+ rCorr} (You found it on level 1 of the Lair of Beasts)
 15327 | Lair:2   | Noticed a seven-headed hydra
 15672 | Lair:2   | Reached XP level 13. HP: 47/93 MP: 22/22
 15877 | Lair:2   | Killed a seven-headed hydra
 15906 | Lair:2   | Reached skill level 10 in Axes
 17159 | Lair:3   | Noticed MarvinPA's ghost (powerful SpNe)
 17176 | Lair:3   | Killed MarvinPA's ghost
 18276 | Lair:4   | Noticed Snorg
 18285 | Lair:4   | Killed Snorg
 18426 | Lair:4   | Reached XP level 14. HP: 70/100 MP: 23/23
 19483 | Lair:5   | Identified a scroll of acquirement
 19591 | Lair:5   | Noticed Erica
 19595 | Lair:5   | Killed Erica
 20720 | Lair:6   | Found a staircase to the Shoals.
 20952 | Lair:4   | Reached skill level 15 in Axes
 21500 | D:11     | Got a shimmering scale mail
 21509 | D:11     | Identified the +0 scale mail of the Tick {+Fly rN+ Int+3 Dex-2} (You found it on level 11 of the Dungeon)
 21851 | D:12     | Found a labyrinth entrance.
 21873 | Lab      | Entered a labyrinth
 22059 | Lab      | Got a steaming golden ring
 22060 | Lab      | Got a translucent ring mail
 22123 | Lab      | Identified the +5 ring mail "Hidubrir" {Regen+ Str+8 Int-2} (You took it off a minotaur in a labyrinth)
 22533 | D:12     | Found a roughly hewn altar of Beogh.
 22536 | D:12     | Found a staircase to the Orcish Mines.
 22797 | D:12     | Identified the ring "Balary" {Str+3 Int+2 Dex+4 SInv} (You took it off a minotaur in a labyrinth)
 22878 | Orc:1    | Entered Level 1 of the Orcish Mines
 22878 | Orc:1    | Noticed Maurice
 22891 | Orc:1    | Killed Maurice
 23076 | Orc:1    | Found Sholoquf's Weapon Shoppe.
 23107 | Orc:1    | Bought the +6 hand crossbow of Analysis {venom, -Cast rF+ MP+9} for 453 gold pieces
 23494 | Orc:1    | Found a roughly hewn altar of Beogh.
 23824 | Orc:2    | Noticed Erolcha
 23828 | Orc:2    | Noticed an orc warlord
 23834 | Orc:2    | Killed Erolcha
 23846 | Orc:2    | Killed an orc warlord
 24114 | Orc:3    | Reached XP level 15. HP: 84/112 MP: 24/24
 24745 | Orc:3    | Found Heafej's Book Emporium.
 24911 | Orc:4    | Entered Level 4 of the Orcish Mines
 25069 | Orc:4    | Found Ufomom's Magic Scroll Boutique.
 25084 | Orc:4    | Found Chighagydu's Food Shop.
 25160 | Orc:4    | Reached skill level 10 in Armour
 25185 | Orc:4    | Reached skill level 10 in Fighting
 25217 | Orc:4    | Reached skill level 5 in Invocations
 25270 | Orc:4    | Found Ghuypt's Gadget Shoppe.
 25270 | Orc:4    | Found Dyagomeg's Antique Armour Emporium.
 25276 | Orc:4    | Found a one-way gate leading to the halls of Pandemonium.
 25282 | Orc:4    | Bought a pair of transparent boots for 323 gold pieces
 25298 | Orc:4    | Identified the cursed +0 pair of boots of Weightlessness {Dex+4} (You bought it in a shop on level 4 of the Orcish Mines)
 25436 | Orc:4    | Found a staircase to the Elven Halls.
 26742 | D:13     | Found a gate to the Vaults.
 26970 | D:13     | Noticed a green very ugly thing
 26985 | D:13     | Killed a green very ugly thing
 26986 | D:13     | Noticed a sphinx
 26997 | D:13     | Killed a sphinx
 26997 | D:13     | Reached XP level 16. HP: 124/124 MP: 28/30
 27054 | D:13     | Got an ichor-stained long sword
 27061 | D:13     | Identified the cursed +2 long sword "Taschuin" {speed, rF+ MR+ Int+2 Dex-5} (You took it off an orc wizard on level 13 of the Dungeon)
 27323 | D:13     | Found a blossoming altar of Fedhas.
 27449 | D:13     | Noticed a sphinx
 27455 | D:13     | Killed a sphinx
 27455 | D:13     | Reached skill level 10 in Invocations
 27802 | D:14     | Found a frozen archway.
 27822 | IceCv    | Entered an ice cave
 28571 | D:14     | Noticed Nessos
 28574 | D:14     | Killed Nessos
 29178 | D:15     | Entered Level 15 of the Dungeon
 29355 | D:15     | Found a staircase to the Depths.
 29533 | D:15     | Reached XP level 17. HP: 129/129 MP: 31/31
 29670 | D:15     | Noticed Rupert
 29680 | D:15     | Killed Rupert
 29706 | D:15     | Found Pnoig's Food Shoppe.
 30214 | D:15     | Reached skill level 15 in Crossbows
 31179 | Lair:6   | Found a hole to the Spider Nest.
 31204 | Spider:1 | Entered Level 1 of the Spider Nest
 31343 | Spider:1 | Got a bronze ring mail
 31344 | Spider:1 | Identified the cursed -4 ring mail "Boaghorch" {rF+ Str+2} (You found it on level 1 of the Spider Nest)
 31510 | Spider:1 | Reached skill level 16 in Crossbows
 32641 | Spider:2 | Reached skill level 17 in Crossbows
 32749 | Spider:2 | Reached XP level 18. HP: 136/136 MP: 32/32
 32860 | Spider:3 | Noticed Vidiiot's ghost (powerful FeWn)
 32878 | Spider:3 | Killed Vidiiot's ghost
 33927 | Spider:4 | Noticed Frances
 33931 | Spider:4 | Killed Frances
 34321 | Spider:4 | Reached skill level 18 in Crossbows
 34494 | Spider:5 | Entered Level 5 of the Spider Nest
 35090 | Spider:5 | Reached skill level 19 in Crossbows
 35534 | Spider:5 | Got a gossamer rune of Zot
 35844 | Spider:2 | Reached XP level 19. HP: 142/142 MP: 32/32
 36763 | Vaults:1 | Entered Level 1 of the Vaults
 36998 | Vaults:1 | Reached skill level 20 in Crossbows
 37066 | Vaults:1 | Noticed Jorgrun
 37074 | Vaults:1 | Killed Jorgrun
 37196 | Vaults:1 | Got a warped arbalest
 37197 | Vaults:1 | Identified the +11 arbalest "Phonyl" {velocity, +Blink rPois rC+ MR- Int+4} (You found it on level 1 of the Vaults)
 39250 | Lair:6   | Reached XP level 20. HP: 155/155 MP: 33/33
 39495 | Lair:7   | Found an ancient bone altar of Kikubaaqudgha.
 39913 | Lair:8   | Entered Level 8 of the Lair of Beasts
 40500 | Lair:8   | Got a pair of dazzling gloves
 40517 | Lair:8   | Identified the +0 pair of gloves of the Harp {rN+} (You found it on level 8 of the Lair of Beasts)
 40960 | Lair:8   | Found a viscous altar of Jiyva.
 40961 | Lair:8   | Found a staircase to the Slime Pits.
 41689 | Shoals:1 | Entered Level 1 of the Shoals
 41992 | Shoals:1 | Noticed Roxanne
 41998 | Shoals:1 | Killed Roxanne
 42010 | Shoals:1 | Identified Roxanne's Almanac of Shape Shifting (You took it off Roxanne on level 1 of the Shoals)
 42587 | Shoals:2 | Noticed Polyphemus
 42605 | Shoals:2 | Killed Polyphemus
 42792 | Shoals:2 | Reached skill level 15 in Fighting
 42871 | Shoals:2 | Got a faintly humming leather armour
 42883 | Shoals:2 | Identified the +1 leather armour of Breduew {rPois rN+ Str-3 Int-5 SInv} (You found it on level 2 of the Shoals)
 43050 | Shoals:2 | Found Quuzeh's Armour Boutique.
 43331 | Shoals:3 | Noticed Kirke
 43339 | Shoals:3 | Killed Kirke
 43577 | Shoals:3 | Found an iron altar of Okawaru.
 43946 | Shoals:4 | Reached XP level 21. HP: 168/168 MP: 34/34
 44202 | Shoals:4 | Reached skill level 15 in Armour
 44512 | Shoals:5 | Entered Level 5 of the Shoals
 44584 | Shoals:5 | Got a barnacled rune of Zot
 44587 | Shoals:5 | Got a dazzling ring mail
 44598 | Shoals:5 | Identified the +1 ring mail "Hipixas" {rCorr} (You found it on level 5 of the Shoals)
 44688 | Shoals:5 | Found Hasurou's Distillery.
 44899 | Shoals:5 | Found Thunkaat's Armour Boutique.
 44943 | Shoals:5 | Bought a +0 pair of gloves of archery for 91 gold pieces
 45045 | Shoals:5 | Noticed Ilsuiw
 45061 | Shoals:5 | Killed Ilsuiw
 45215 | Shoals:5 | Got a faintly glowing brass ring
 45217 | Shoals:5 | Identified the ring of Miech {rF+ Dex+2 Stlth+} (You found it on level 5 of the Shoals)
 45438 | Shoals:5 | Found Osiehaf's Distillery.
 46662 | Vaults:2 | Cast into the Abyss (a wizard)
 46745 | Abyss:1  | Reached XP level 22. HP: 175/175 MP: 34/34
 46873 | Abyss:1  | Found a corrupted altar of Lugonu.
 47037 | Abyss:2  | Found a corrupted altar of Lugonu.
 47120 | Abyss:3  | Got an abyssal rune of Zot
 47590 | Vaults:2 | Escaped the Abyss
 47911 | Vaults:2 | Noticed Saint Roka
 47935 | Vaults:2 | Killed Saint Roka
 48365 | Vaults:2 | Found a staircase to the Crypt.
 48606 | Vaults:3 | Noticed Nikola
 48610 | Vaults:3 | Killed Nikola
 48613 | Vaults:3 | Cast into the Abyss (an ogre mage)
 48856 | Vaults:3 | Escaped the Abyss
 49234 | Vaults:3 | Reached XP level 23. HP: 181/181 MP: 35/35
 49389 | Vaults:3 | Reached skill level 21 in Crossbows
 50148 | Vaults:4 | Gained mutation: You are covered in fur (AC +1). [potion of beneficial mutation]
 50585 | Vaults:4 | Reached skill level 22 in Crossbows
 51136 | Vaults:4 | Got a pair of shimmering gloves
 51147 | Vaults:4 | Identified the cursed -4 pair of gloves of Filth {rN+ Int+3 Dex-5 SInv} (You found it on level 4 of the Vaults)
 51590 | Depths:1 | Entered Level 1 of the Depths
 51753 | Depths:1 | Reached skill level 23 in Crossbows
 51874 | Depths:1 | Reached XP level 24. HP: 51/189 MP: 36/36
 52003 | Depths:1 | Found a gateway to Hell.
 52308 | Depths:1 | Found a one-way gate to the infinite horrors of the Abyss.
 53519 | Depths:3 | Reached skill level 24 in Crossbows
 54551 | Depths:4 | Reached XP level 25. HP: 195/195 MP: 36/36
 54611 | Depths:4 | Reached skill level 25 in Crossbows
 54895 | Depths:5 | Entered Level 5 of the Depths
 55210 | Depths:5 | Found a gateway to a ziggurat.
 55702 | Depths:5 | Found a gate to the Realm of Zot.
 55891 | Depths:5 | Reached skill level 26 in Crossbows
 56177 | Depths:5 | Found a basalt altar of Yredelemnul.
 57421 | Elf:1    | Entered Level 1 of the Elven Halls
 57917 | Elf:1    | Got a steaming dagger
 57918 | Elf:1    | Identified the +7 dagger of Myeg {freeze, rC+} (You found it on level 1 of the Elven Halls)
 57981 | Elf:1    | Reached XP level 26. HP: 198/202 MP: 37/37
 57990 | Elf:1    | Identified Borgnjor's Reference Book on Sinister Rituals
 58559 | Elf:2    | Gained mutation: Your flesh is very cold resistant. [potion of beneficial mutation]
 58741 | Elf:2    | Found a huge runed gate.
 58741 | Elf:2    | Found a huge runed gate.
 58744 | Elf:2    | Found a huge runed gate.
 58748 | Elf:2    | Got a faintly glowing battleaxe
 58749 | Elf:2    | Identified the cursed -2 battleaxe "McCoppin's Doom" {chop, rN+} (You found it on level 2 of the Elven Halls)
 58752 | Elf:2    | Found a huge runed gate.
 58753 | Elf:2    | Found a huge runed gate.
 59088 | Elf:2    | Reached skill level 27 in Crossbows
 59435 | Elf:3    | Entered Level 3 of the Elven Halls
 60173 | Elf:3    | Got a brightly glowing robe
 60174 | Elf:3    | Identified the cursed -5 robe of the Hidden Vale {rPois rF+ MP+9 Str-5} (You found it on level 3 of the Elven Halls)
 60177 | Elf:3    | Got a polished flail
 60178 | Elf:3    | Identified the +10 flail "Khuops" {flame, rElec} (You found it on level 3 of the Elven Halls)
 60237 | Elf:3    | Identified the Tome of Good Luck and Flight (You found it on level 3 of the Elven Halls)
 60239 | Elf:3    | Identified the Disquisition on the Mountains (You found it on level 3 of the Elven Halls)
 60266 | Elf:3    | Cast into the Abyss (a deep elf demonologist)
 60289 | Abyss:1  | Found a corrupted altar of Lugonu.
 60422 | Elf:3    | Escaped the Abyss
 60479 | Elf:3    | Got a spiked plate armour
 60480 | Elf:3    | Identified the +2 plate armour "Bretriteu" {Dex+4} (You found it on level 3 of the Elven Halls)
 60494 | Elf:3    | Got a crude leather armour
 60495 | Elf:3    | Identified the +3 leather armour of Too Many Cooks {Str+2 Int+2} (You found it on level 3 of the Elven Halls)
 60497 | Elf:3    | Got a transparent flail
 60498 | Elf:3    | Identified the +6 flail "Keg Kliu" {holy, rPois} (You found it on level 3 of the Elven Halls)
 60595 | Elf:3    | Got a ripped robe
 60596 | Elf:3    | Identified the +2 robe of Ashenzari's Reproof {-Tele +Fly rCorr Int+3} (You found it on level 3 of the Elven Halls)
 60643 | Elf:3    | Got a faintly glowing lead ring
 60646 | Elf:3    | Identified the ring "Exuadgh" {Str+4 Int-5 SInv Stlth+} (You took it off a deep elf demonologist on level 3 of the Elven Halls)
 60752 | Elf:3    | Found a burning altar of Makhleb.
 61623 | Slime:1  | Entered Level 1 of the Pits of Slime
 62368 | Zot:1    | Entered Level 1 of the Realm of Zot
 62847 | Zot:1    | Reached XP level 27. HP: 119/227 MP: 37/37
 63832 | Zot:2    | Noticed an orb of fire
 63836 | Zot:2    | Killed an orb of fire
 68360 | Zot:5    | Entered Level 5 of the Realm of Zot
 69026 | Zot:5    | Noticed an ancient lich
 69031 | Zot:5    | Killed an ancient lich
 69072 | Zot:5    | Noticed an ancient lich
 69073 | Zot:5    | Killed an ancient lich
 69077 | Zot:5    | Noticed an orb of fire
 69077 | Zot:5    | Gained mutation: You are partially covered in icy blue scales (AC +1). [an orb of fire]
 69078 | Zot:5    | Gained mutation: Your magical capacity is low (-10% MP). [an orb of fire]
 69081 | Zot:5    | Killed an orb of fire
 69081 | Zot:5    | Reached skill level 27 in Fighting
 69082 | Zot:5    | Noticed an orb of fire
 69082 | Zot:5    | Gained mutation: Your body is slowly deteriorating. [an orb of fire]
 69084 | Zot:5    | Noticed an orb of fire
 69084 | Zot:5    | Gained mutation: You evolve. [an orb of fire]
 69088 | Zot:5    | Killed an orb of fire
 69088 | Zot:5    | Gained mutation: Armour fits poorly on your strangely shaped body. [an orb of fire]
 69090 | Zot:5    | Killed an orb of fire
 69198 | Zot:5    | Noticed an ancient lich
 69204 | Zot:5    | Killed an ancient lich
 69230 | Zot:5    | Noticed an orb of fire
 69236 | Zot:5    | Killed an orb of fire
 69431 | Zot:5    | Noticed an orb of fire
 69431 | Zot:5    | Gained mutation: You are weak. (Str -2) [an orb of fire]
 69433 | Zot:5    | Gained mutation: Your magical capacity is very low (-20% MP). [an orb of fire]
 69434 | Zot:5    | Killed an orb of fire
 69438 | Zot:5    | Noticed an orb of fire
 69441 | Zot:5    | Killed an orb of fire
 69545 | Zot:5    | Noticed an ancient lich
 69546 | Zot:5    | Killed an ancient lich
 70778 | Crypt:1  | Entered Level 1 of the Crypt
 70794 | Crypt:1  | Found a magical portal.
 70800 | WizLab   | Entered Cigotuvi's Fleshworks
 71471 | WizLab   | Identified Cigotuvi's Almanac of Earthen Transmutation
 71473 | WizLab   | Identified the Tome of Dusty Shape Shifting
 73011 | Lair:2   | Lost mutation: Your magical capacity is very low (-20% MP). [potion of cure mutation]
 73011 | Lair:2   | Lost mutation: Your body is slowly deteriorating. [potion of cure mutation]
 73011 | Lair:2   | Lost mutation: You are partially covered in icy blue scales (AC +1). [potion of cure mutation]
 73011 | Lair:2   | Lost mutation: Your magical capacity is low (-10% MP). [potion of cure mutation]
 73012 | Lair:2   | Lost mutation: Your flesh is very cold resistant. [potion of cure mutation]
 73012 | Lair:2   | Lost mutation: Armour fits poorly on your strangely shaped body. [potion of cure mutation]
 73012 | Lair:2   | Lost mutation: You are weak. (Str -2) [potion of cure mutation]
 73012 | Lair:2   | Lost mutation: You are covered in fur (AC +1). [potion of cure mutation]
 73013 | Lair:2   | Gained mutation: You have sharp toenails. [potion of beneficial mutation]
 73014 | Lair:2   | Gained mutation: Your mind is acute. (Int +2) [potion of beneficial mutation]
 73015 | Lair:2   | Gained mutation: Your spells are a little harder to cast, but a little more powerful. [potion of beneficial mutation]
 73016 | Lair:2   | Gained mutation: Your spells are harder to cast, but more powerful. [potion of beneficial mutation]
 73463 | Crypt:1  | Noticed Frederick
 73465 | Crypt:1  | Killed Frederick
 73968 | Crypt:1  | Noticed Xtahua
 73972 | Crypt:1  | Killed Xtahua
 74874 | Crypt:3  | Entered Level 3 of the Crypt
 75087 | Crypt:3  | Noticed Jory
 75091 | Crypt:3  | Killed Jory
 75154 | Crypt:3  | Found an ancient bone altar of Kikubaaqudgha.
 75836 | Crypt:3  | Noticed Khufu
 75846 | Crypt:3  | Killed Khufu
 75996 | Crypt:3  | Found a staircase to the Tomb.
 76276 | Crypt:3  | Reached skill level 27 in Armour
 76362 | Crypt:3  | Upgraded the game from 0.16-a0-4111-gf762223 to 0.16-a0-4112-g89a4107
 76422 | Tomb:1   | Entered Level 1 of the Tomb of the Ancients
 76750 | Tomb:1   | Noticed Sojobo
 76766 | Tomb:1   | Killed Sojobo
 77241 | Tomb:1   | Noticed Boris
 77244 | Tomb:1   | Killed Boris
 77656 | Tomb:1   | Noticed a greater mummy
 77706 | Tomb:1   | Noticed a greater mummy
 77717 | Tomb:1   | Killed a greater mummy
 80080 | Slime:2  | Gained mutation: You occasionally shout uncontrollably at your foes. [a shining eye]
 81893 | Slime:4  | Found a viscous altar of Jiyva.
 83921 | Slime:6  | Entered Level 6 of the Pits of Slime
 84428 | Slime:6  | Found a viscous altar of Jiyva.
 84448 | Slime:6  | Noticed the royal jelly
 84465 | Slime:6  | Killed the royal jelly
 84532 | Slime:6  | Learned a level 3 spell: Portal Projectile
 84566 | Slime:6  | Identified Sif Muna's Incunabulum of Calling
 84625 | Slime:6  | Got a slimy rune of Zot
 84688 | Slime:6  | Reached skill level 1 in Translocations
 84705 | Slime:6  | Reached skill level 1 in Spellcasting
 86183 | Vaults:4 | Cast into the Abyss (a deep elf sorcerer)
 86339 | Vaults:4 | Escaped the Abyss
 88382 | Orc:4    | Bought 2 scrolls of noise for 30 gold pieces
 88382 | Orc:4    | Bought a scroll of identify for 30 gold pieces
 88382 | Orc:4    | Bought a scroll of identify for 30 gold pieces
 88382 | Orc:4    | Bought a scroll of immolation for 52 gold pieces
 88382 | Orc:4    | Bought a scroll of identify for 30 gold pieces
 88382 | Orc:4    | Bought 3 scrolls of identify for 90 gold pieces
 88701 | Vaults:1 | Reached skill level 5 in Spellcasting
 88973 | Vaults:4 | Reached skill level 5 in Translocations
 89026 | Vaults:5 | Entered Level 5 of the Vaults
 90223 | Hell     | Entered the Vestibule of Hell
 90223 | Hell     | Noticed Geryon
 90230 | Hell     | Killed Geryon
 90231 | Hell     | Noticed Murray
 90790 | Depths:1 | Killed Murray
 91396 | Hell     | Found a gateway to the freezing wastes of Cocytus.
 91463 | Hell     | Found a gateway to the decaying netherworld of Tartarus.
 91549 | Hell     | Found a gateway to the ashen valley of Gehenna.
 91615 | Hell     | Gained mutation: You can spit poison. [evolution]
 91691 | Hell     | Found a gateway to the Iron City of Dis.
 91837 | Coc:1    | Entered Level 1 of Cocytus
 94410 | Lair:2   | Reached skill level 10 in Spellcasting
 94731 | Vaults:5 | Reached skill level 10 in Translocations
 94759 | Vaults:5 | Reached skill level 5 in Dodging
 94761 | Vaults:5 | Noticed an ancient lich
 94969 | Vaults:5 | Killed an ancient lich
 95172 | Vaults:5 | Noticed an ancient lich
 95174 | Vaults:5 | Killed an ancient lich
 95178 | Vaults:5 | Noticed an ancient lich
 95244 | Vaults:5 | Killed an ancient lich
 95246 | Vaults:5 | Reached skill level 10 in Dodging
 95474 | Vaults:5 | Noticed an ancient lich
 95476 | Vaults:5 | Killed an ancient lich
 95664 | Vaults:5 | Noticed an ancient lich
 95672 | Vaults:5 | Killed an ancient lich
 96260 | Vaults:5 | Noticed an ancient lich
 96264 | Vaults:5 | Killed an ancient lich
 96563 | Vaults:5 | Got a silver rune of Zot
 96620 | Vaults:5 | Got a pair of faintly glowing gloves
 96631 | Vaults:5 | Identified the cursed -5 pair of gloves "Pnipnor" {MP+9 Stlth+} (You found it on level 5 of the Vaults)
 97046 | Vaults:5 | Found Wangirig's Magic Scroll Emporium.
 97051 | Vaults:5 | Bought a scroll of immolation for 66 gold pieces
 97056 | Vaults:5 | Found Uras' Food Shoppe.
 97068 | Vaults:5 | Found Usofes' Distillery.
 97073 | Vaults:5 | Bought a potion of beneficial mutation for 455 gold pieces
 97080 | Vaults:5 | Gained mutation: You are partially covered in iridescent scales (AC +4). [potion of beneficial mutation]
 97243 | Vaults:5 | Got an uncursed translucent mace {flame}
 97245 | Vaults:5 | Identified the +6 mace of Loclu {flame, Dex+3 SInv} (You took it off a yaktaur on level 5 of the Vaults)
 97925 | Coc:1    | You fall through a shaft!
 97928 | Coc:2    | You fall through a shaft for 2 floors!
 97931 | Coc:4    | You fall through a shaft for 2 floors!
 97984 | Coc:6    | Reached skill level 15 in Dodging
 98138 | Coc:7    | Entered Level 7 of Cocytus
 98961 | Coc:1    | You fall through a shaft!
 98964 | Coc:2    | You fall through a shaft!
 98967 | Coc:3    | You fall through a shaft!
 98970 | Coc:4    | You fall through a shaft!
 98973 | Coc:5    | You fall through a shaft!
 99088 | Coc:7    | Gained mutation: Your mind is very acute. (Int +4) [evolution]
 99439 | Coc:7    | Identified a +4 rod of shadows (14/14) (You found it on level 7 of Cocytus)
100124 | Coc:7    | Noticed Antaeus
100151 | Coc:7    | Killed Antaeus
100154 | Coc:7    | Got a slimy morningstar
100181 | Coc:7    | Got an icy rune of Zot
100507 | Hell     | Identified the +5 morningstar of Perfectionism {vamp, Str+4} (You took it off Antaeus on level 7 of Cocytus)
101325 | Dis:1    | Entered Level 1 of the Iron City of Dis
101329 | Dis:1    | You fall through a shaft!
101332 | Dis:2    | You fall through a shaft!
101335 | Dis:3    | You fall through a shaft for 2 floors!
101345 | Dis:5    | You fall through a shaft!
101423 | Dis:7    | Entered Level 7 of the Iron City of Dis
101449 | Dis:7    | Gained mutation: You are agile. (Dex +2) [evolution]
101800 | Dis:7    | Noticed Dispater
101816 | Dis:7    | Killed Dispater
101884 | Dis:7    | Got an iron rune of Zot
101930 | Dis:7    | Got a smoking ruby amulet
101932 | Dis:7    | Identified the amulet of Ynyr {rPois rC+ rN++ Regen+ Dex+4} (You found it on level 7 of the Iron City of Dis)
101946 | Dis:7    | Gained mutation: You are frail (-10% HP). [mutagenic glow]
101958 | Dis:7    | Gained mutation: Your body is slowly deteriorating. [mutagenic glow]
101993 | Dis:7    | Gained mutation: Your magical capacity is low (-10% MP). [mutagenic glow]
102068 | Dis:7    | Identified An Introduction to Witchcraft (You found it on level 7 of the Iron City of Dis)
102172 | Dis:7    | Identified Sif Muna's Compendium of Harmful Bewitchment
102332 | Dis:7    | Got a crystal falchion
102333 | Dis:7    | Identified the +2 falchion "Wuac" {freeze, rF- rN+ Str+2 Stlth+} (You found it on level 7 of the Iron City of Dis)
102505 | Dis:7    | Identified Sif Muna's Tome of the Traveller
102527 | Dis:7    | Got a brightly glowing chain mail
102529 | Dis:7    | Identified the cursed +0 chain mail of the Blessed Realm {Int+3} (You found it on level 7 of the Iron City of Dis)
102927 | Tar:1    | Entered Level 1 of Tartarus
102931 | Tar:1    | You fall through a shaft!
102934 | Tar:2    | You fall through a shaft!
102937 | Tar:3    | You fall through a shaft for 2 floors!
102940 | Tar:5    | You fall through a shaft!
102943 | Tar:6    | You fall through a shaft!
102943 | Tar:7    | Entered Level 7 of Tartarus
103297 | Tar:7    | Noticed an ancient lich
103303 | Tar:7    | Killed an ancient lich
103411 | Tar:7    | Noticed an ancient lich
103414 | Tar:7    | Killed an ancient lich
103492 | Tar:7    | Noticed Ereshkigal
103524 | Tar:7    | Killed Ereshkigal
103633 | Tar:7    | Got a bone rune of Zot
104160 | Tar:7    | Got an iridescent hand axe
104162 | Tar:7    | Got an ancient trident
105145 | Lair:2   | Identified the +10 hand axe of a ziggurat {drain, *Rage rElec rPois rC++ Dex-3} (You found it on level 7 of Tartarus)
105152 | Lair:2   | Identified the +2 trident of the Endless March {vamp, rElec rPois Str+3 Dex-4} (You found it on level 7 of Tartarus)
105164 | Lair:2   | Upgraded the game from 0.16-a0-4112-g89a4107 to 0.16-a0-4113-g7d8e295
106538 | Orc:4    | Bought a scroll of enchant weapon for 112 gold pieces
106538 | Orc:4    | Bought a scroll of enchant weapon for 112 gold pieces
106538 | Orc:4    | Bought a scroll of enchant weapon for 112 gold pieces
109531 | Vaults:3 | Gained mutation: You are very frail (-20% HP). [the power of Zot]
109864 | Tomb:1   | Killed a greater mummy
109905 | Tomb:1   | Lost mutation: Your body is slowly deteriorating. [evolution]
111142 | Tomb:1   | Noticed a greater mummy
111147 | Tomb:1   | Killed a greater mummy
111644 | Tomb:2   | Noticed an ancient lich
111644 | Tomb:2   | Noticed a greater mummy
111743 | Tomb:2   | Noticed a greater mummy
111769 | Tomb:2   | Noticed a greater mummy
112255 | Tomb:1   | Killed an ancient lich
112515 | Tomb:1   | Killed a greater mummy
112652 | Tomb:1   | Killed a greater mummy
112745 | Tomb:2   | Killed a greater mummy
113383 | Tomb:1   | Noticed a greater mummy
113394 | Tomb:1   | Killed a greater mummy
113700 | Tomb:1   | Noticed a greater mummy
113708 | Tomb:1   | Killed a greater mummy
113825 | Tomb:1   | Noticed a greater mummy
113832 | Tomb:1   | Killed a greater mummy
113879 | Tomb:1   | Noticed a greater mummy
113883 | Tomb:1   | Killed a greater mummy
114009 | Tomb:1   | Noticed a greater mummy
114018 | Tomb:1   | Killed a greater mummy
114030 | Tomb:1   | Noticed a greater mummy
114033 | Tomb:1   | Killed a greater mummy
114064 | Tomb:1   | Noticed a greater mummy
114071 | Tomb:1   | Killed a greater mummy
114074 | Tomb:1   | Noticed a greater mummy
114081 | Tomb:1   | Killed a greater mummy
114209 | Tomb:1   | Noticed a greater mummy
114216 | Tomb:1   | Killed a greater mummy
114403 | Tomb:1   | Noticed a greater mummy
114408 | Tomb:1   | Killed a greater mummy
114595 | Tomb:1   | Noticed a greater mummy
114604 | Tomb:1   | Killed a greater mummy
114816 | Tomb:1   | Noticed a greater mummy
114820 | Tomb:1   | Killed a greater mummy
115195 | Tomb:3   | Entered Level 3 of the Tomb of the Ancients
115206 | Tomb:3   | Noticed a greater mummy
115207 | Tomb:3   | Noticed a greater mummy
115482 | Tomb:2   | Killed a greater mummy
115732 | Tomb:3   | Noticed a greater mummy
115742 | Tomb:2   | Killed a greater mummy
115807 | Tomb:3   | Noticed a greater mummy
116119 | Tomb:2   | Killed a greater mummy
116267 | Tomb:2   | Killed a greater mummy
116455 | Tomb:2   | Gained mutation: Your system is resistant to poisons. [evolution]
116969 | Tomb:3   | Noticed Vidiiot's ghost (mighty DrAs)
116984 | Tomb:3   | Killed Vidiiot's ghost
117056 | Tomb:3   | Noticed a greater mummy
117061 | Tomb:3   | Killed a greater mummy
117073 | Tomb:3   | Noticed a greater mummy
117078 | Tomb:3   | Killed a greater mummy
117224 | Tomb:3   | Identified Buisecaf's Tome of Unholy Rituals and Shape Shifting (You found it on level 3 of the Tomb of the Ancients)
117379 | Tomb:3   | Got a flickering steel ring
117380 | Tomb:3   | Identified the ring of Incredulity {Wiz Int+6 Dex-2} (You found it on level 3 of the Tomb of the Ancients)
117390 | Tomb:3   | Got a transparent jade ring
117391 | Tomb:3   | Identified the cursed ring of Gesi {rElec rN+ Str-2 Int-2 Dex+7} (You found it on level 3 of the Tomb of the Ancients)
117393 | Tomb:3   | Identified the Guide on Sinister Arts
117397 | Tomb:3   | Got a flickering copper ring
117398 | Tomb:3   | Identified the ring "Keywke" {SustAb Str+3} (You found it on level 3 of the Tomb of the Ancients)
117406 | Tomb:3   | Identified Vema's Collected Works on Cloudy Battle Magic
117422 | Tomb:3   | Got a translucent arbalest
117423 | Tomb:3   | Identified the +4 arbalest "Blyal" {velocity, +Blink rC+} (You found it on level 3 of the Tomb of the Ancients)
117472 | Tomb:3   | Got a scorched hand crossbow
117473 | Tomb:3   | Identified the cursed +0 hand crossbow "Stuheyps" {venom, +Blink MP+9 Str-4 Stlth+} (You found it on level 3 of the Tomb of the Ancients)
117505 | Tomb:3   | Noticed a greater mummy
117507 | Tomb:3   | Noticed a greater mummy
117510 | Tomb:3   | Noticed a greater mummy
117520 | Tomb:3   | Killed a greater mummy
117617 | Tomb:3   | Killed a greater mummy
117705 | Tomb:3   | Killed a greater mummy
117705 | Tomb:3   | Reached skill level 27 in Axes
117738 | Tomb:3   | Got a golden rune of Zot
119038 | Shoals:5 | Bought a potion of restore abilities for 70 gold pieces
119038 | Shoals:5 | Bought a potion of heal wounds for 70 gold pieces
119038 | Shoals:5 | Bought a potion of restore abilities for 70 gold pieces
119038 | Shoals:5 | Bought a potion of curing for 42 gold pieces
119038 | Shoals:5 | Bought a potion of heal wounds for 70 gold pieces
119038 | Shoals:5 | Bought a potion of restore abilities for 70 gold pieces
119507 | D:4      | Bought a potion of curing for 33 gold pieces
119507 | D:4      | Bought a potion of heal wounds for 55 gold pieces
119507 | D:4      | Bought a potion of curing for 33 gold pieces
120042 | Vaults:5 | Bought a potion of curing for 39 gold pieces
120042 | Vaults:5 | Bought a potion of heal wounds for 65 gold pieces
120615 | Shoals:5 | Bought a potion of curing for 48 gold pieces
120615 | Shoals:5 | Bought a potion of curing for 48 gold pieces
120615 | Shoals:5 | Bought a potion of restore abilities for 80 gold pieces
121202 | Depths:1 | Voluntarily entered the Abyss.
121202 | Abyss:1  | Found a corrupted altar of Lugonu.
121762 | Abyss:1  | Found a shattered altar of Ashenzari.
122295 | Depths:1 | Escaped the Abyss
122297 | Depths:1 | Voluntarily entered the Abyss.
122768 | Depths:1 | Escaped the Abyss
122966 | Depths:1 | Voluntarily entered the Abyss.
123548 | Abyss:1  | Found a corrupted altar of Lugonu.
123663 | Depths:1 | Escaped the Abyss
123665 | Depths:1 | Voluntarily entered the Abyss.
123665 | Abyss:1  | Found a corrupted altar of Lugonu.
123704 | Abyss:1  | Found a corrupted altar of Lugonu.
123728 | Abyss:1  | Found a corrupted altar of Lugonu.
123917 | Depths:1 | Escaped the Abyss
124122 | D:9      | Lost mutation: You are very frail (-20% HP). [evolution]
124416 | Depths:1 | Voluntarily entered the Abyss.
125976 | Abyss:1  | Found a corrupted altar of Lugonu.
126034 | Depths:1 | Escaped the Abyss
126687 | Geh:1    | Entered Level 1 of Gehenna
126692 | Geh:1    | You fall through a shaft!
126695 | Geh:2    | You fall through a shaft for 2 floors!
126698 | Geh:4    | You fall through a shaft for 2 floors!
126702 | Geh:7    | Entered Level 7 of Gehenna
127154 | Geh:7    | Noticed the Serpent of Hell
127166 | Geh:7    | Killed the Serpent of Hell
127531 | Geh:7    | Reached skill level 27 in Shields
127601 | Geh:7    | Noticed Asmodeus
127629 | Geh:7    | Killed from afar by a Brimstone Fiend

Action                   |  1- 3 |  4- 6 |  7- 9 | 10-12 | 13-15 | 16-18 | 19-21 | 22-24 | 25-27 || total
-------------------------+-------+-------+-------+-------+-------+-------+-------+-------+-------++-------
Melee: Broad axe         |       |       |       |   225 |  1054 |    56 |       |       |       ||  1335
       War axe           |       |       |       |   409 |   316 |       |       |       |       ||   725
       Hand crossbow     |       |       |       |    10 |       |       |       |       |       ||    10
       Unarmed           |       |       |       |       |     3 |       |       |       |       ||     3
       Battleaxe         |       |       |       |       |       |   348 |   112 |     6 |    16 ||   482
       Executioner's axe |       |       |       |       |       |       |       |       |   988 ||   988
       Arbalest          |       |       |       |       |       |       |       |       |     8 ||     8
 Fire: Hand crossbow     |    97 |   168 |   319 |   361 |   172 |   918 |    53 |       |       ||  2088
       Arbalest          |       |       |       |       |       |     6 |  1227 |  1135 |  6338 ||  8706
 Cast: Portal Projectile |       |       |       |       |       |       |       |       |    96 ||    96
Invok: Slouch            |       |       |     1 |     9 |    22 |    11 |     2 |     5 |    20 ||    70
       Bend Time         |       |       |       |     1 |     1 |       |       |       |     1 ||     3
       Step From Time    |       |       |       |       |       |     2 |       |       |     6 ||     8
 Abil: Dig               |       |     1 |       |     1 |     1 |     1 |     3 |     4 |    33 ||    44
       Evoke Flight      |       |       |       |       |       |       |     1 |       |    22 ||    23
       Shaft Self        |       |       |       |       |       |       |       |       |    20 ||    20
Evoke: Wand              |       |       |       |       |     9 |       |       |     1 |    54 ||    64
       Fan of gales      |       |       |       |       |       |       |       |       |     1 ||     1
  Use: Scroll            |     2 |     1 |     7 |    10 |    17 |    11 |     3 |     6 |    99 ||   156
       Potion            |       |       |     3 |     4 |       |     4 |       |     2 |    57 ||    70
 Stab: Invisible         |       |       |       |     6 |       |       |       |       |       ||     6
       Confused          |       |       |       |       |     4 |       |       |       |       ||     4
       Fleeing           |       |       |       |       |       |     1 |       |       |       ||     1
       Sleeping          |       |       |       |       |       |       |     1 |       |       ||     1
       Distracted        |       |       |       |       |       |       |       |       |     4 ||     4
  Eat: Chunk             |     1 |     2 |     6 |     6 |     8 |     6 |     3 |       |       ||    32
       Bread ration      |       |     1 |       |     2 |     1 |       |       |     2 |    12 ||    18
       Beef jerky        |       |     1 |       |       |       |     5 |     1 |     5 |     8 ||    20
       Royal jelly       |       |       |       |     2 |     3 |       |       |     1 |     1 ||     7
       Pizza             |       |       |       |     1 |       |     5 |     5 |       |     2 ||    13
       Meat ration       |       |       |       |       |     2 |       |     3 |       |    25 ||    30
       Fruit             |       |       |       |       |     1 |     1 |     5 |       |     5 ||    12
